 Dungeon Crawl Stone Soup version 0.29-a0-757-g358383bc75 (console) character file.

Game seed: 9126264093917373101

8 om the Firebug (level 2, 0/15 HPs)
             Began as a Gargoyle Fire Elementalist on June 30, 2022.
             Frozen to death by an endoplasm (4 damage)
             ... on level 1 of the Dungeon.
             The game lasted 00:01:34 (588 turns).

om the Firebug (Gargoyle Fire Elementalist)          Turns: 588, Time: 00:01:35

Health: 0/15       AC:  4    Str: 11    XL:     2   Next: 8%
Magic:  1/5        EV: 12    Int: 15    God:
Gold:   2          SH:  0    Dex: 10    Spells: 4/5 levels left

rFire   . . .      SeeInvis .   (no weapon)
rCold   . . .      Faith    .   (no shield)
rNeg    + . .      Spirit   .   a - +0 robe
rPois   ∞          Reflect  .   (no helmet)
rElec   +          Harm     .   (no cloak)
rCorr   .          Rampage  .   (no gloves)
Will    .....                   (no boots)
Stlth   ++........              (no amulet)
HPRegen 0.05/turn               (no ring)
MPRegen 0.09/turn               (no ring)

@: no status effects
A: sickness immunity, AC +2, negative energy resistance 1, electricity
resistance, torment resistance 1, petrification resistance
a: no special abilities


You were on level 1 of the Dungeon.
You visited 1 branch of the dungeon, and saw 1 of its levels.

You collected 2 gold pieces.

Inventory:

Armour
 a - a +0 robe (worn)
Scrolls
 c - a scroll of teleportation {unknown}
 d - a scroll of vulnerability {unknown}
Potions
 b - 2 potions of magic


   Skills:
 * Level 0.5 Armour
 + Level 1.6 Dodging
 + Level 2.3 Stealth
 + Level 2.0 Spellcasting
 * Level 1.2 Conjurations
 + Level 3.2 Fire Magic


You had 4 spell levels left.
You knew the following spells:

 Your Spells              Type           Power      Damage    Failure   Level
a - Foxfire               Conj/Fire      32%        2x1d5     9%          1

Your spell library contained the following spells:

 Spells                   Type           Power      Damage    Failure   Level
 Scorch                   Fire           22%        2d6       9%          2
 Conjure Flame            Conj/Fire      8%         6-21      26%         3
 Inner Flame              Hex/Fire       6%         N/A       34%         3
 Flame Wave               Conj/Fire      8%         2d5       65%         4


Dungeon Overview and Level Annotations

Branches:
Dungeon (1/15)

Altars:


Innate Abilities, Weirdness & Mutations

You are immune to sickness and miasma.
Your stone body is resilient. (AC +2)
You are immune to poison.
You resist negative energy. (rN+)
You are resistant to electric shocks. (rElec)
You are resistant to unholy torment.
You are immune to petrification.


Message History

You kill the hobgoblin!
You have reached level 2!
You start resting.
A hobgoblin comes into view.
A hobgoblin is nearby!
A hobgoblin is nearby!
You start resting.
A hobgoblin is nearby!
You start resting.
A hobgoblin is nearby!
You start resting.
A hobgoblin is nearby!
An endoplasm comes into view.
You conjure some foxfire!
The foxfire hits the hobgoblin.
The hobgoblin is heavily wounded.
The foxfire hits the hobgoblin.
You kill the hobgoblin!
You conjure some foxfire!
The foxfire hits the endoplasm.
The endoplasm is severely wounded.
The foxfire hits the endoplasm but does no damage.
The endoplasm is severely wounded.
You hit the endoplasm but do no damage.
The endoplasm is severely wounded.
The endoplasm freezes you.
You are frozen.
You hit the endoplasm.
The endoplasm is almost dead.
The endoplasm freezes you.
You are frozen.
You are too injured to fight recklessly!
The endoplasm freezes you.
You are frozen.
* * * LOW HITPOINT WARNING * * *
Casting: Foxfire (safe; 9% risk of failure)
Confirm with . or Enter, or press ? or * to list all spells.
You conjure some foxfire!
The endoplasm freezes you.
You are frozen.
You die...

#.#####
#.....##.###.....
#.#...# ###......#
##.##. ##.#...#
#.###### #..#.
##......#####.# ##..#
..#####..........##.#
#..#
#...................#
##..
########..........###
##. ##.#...###.##
##.. ##.#...#v@v.#
###...
#..#...#J##.###
#...##
##..........†..##
#...#
#.#...#...#...#.#
#...#
#...............#
##.##
##...#...#...#...#
###.###
##................#
#....##
#.#.#...#...#...#.#
#......
###.................#
###....


You could see an endoplasm (ally target).

Vanquished Creatures
  2 endoplasms (D:1)
  3 hobgoblins (D:1)
  A frilled lizard (D:1)
  A rat (D:1)
7 creatures vanquished.

Vanquished Creatures (others)
  23 foxfires (D:1)
23 creatures vanquished.

Grand Total: 30 creatures vanquished

Notes
Turn   | Place    | Note
-------+----------+-------------------------------------------
     0 | D:1      | om the Gargoyle Fire Elementalist began the quest for the
                  | Orb.
     0 | D:1      | Reached XP level 1. HP: 10/10 MP: 3/3
   536 | D:1      | Reached XP level 2. HP: 15/15 MP: 0/5
   588 | D:1      | Frozen to death by an endoplasm

Illustrated notes

Levels and vault maps discovered:
D:1:      dpeg_arrival_round_c, layout_loops_corners, serial_park_tiny_2,
          kennysheep_crisscross, patterned_corridor

Action                   || total
-------------------------++-------
Melee: Unarmed           ||     2
 Cast: Foxfire           ||    13
Dodge: Dodged            ||     1

Table legend: (Time is in decaauts)
 A = Elapsed time spent in this place.
 B = Non-inter-level travel time spent in this place.
 C = Inter-level travel time spent in this place.
 D = Time resting spent in this place.
 E = Time spent auto-exploring this place.
 F = Levels seen in this place.
 G = Mean time per level.
                   A        B        C        D        E       F      G
               +--------+--------+--------+--------+--------+-----+--------+
         Total |    588 |    588 |      0 |    405 |    113 |   1 |  588.0 |
       Dungeon |    588 |    588 |      0 |    405 |    113 |   1 |  588.0 |
               +--------+--------+--------+--------+--------+-----+--------+

Top non-repeatable levels by time:
     D:1: 588 daAuts
